 Dungeon Crawl Stone Soup version 0.29-a0-362-g5854e031c7 (webtiles) character file.

Game seed: 6634642898812343009

2582 YayAnonymity the Spear-Bearer (level 9, 0/70 HPs)
             Began as a Demonspawn Gladiator on Apr 29, 2022.
             Was a Believer of Okawaru.
             Slain by an orc warrior
             ... wielding a +0 long sword
              (6 damage)
             ... on level 7 of the Dungeon on Apr 30, 2022.
             The game lasted 00:10:21 (8118 turns).

YayAnonymity the Spear-Bearer (DsGl)                Turns: 8118, Time: 00:10:22

Health: 0/70       AC: 16    Str: 25    XL:     9   Next: 32%
Magic:  13/14      EV: 10    Int:  9    God:    Okawaru [**....]
Gold:   346        SH:  0    Dex: 15    Spells: 8/8 levels left

rFire   . . .      SeeInvis .   a - +3 spear
rCold   + . .      Faith    .   q - orb {light}
rNeg    . . .      Spirit   .   r - +0 plate armour
rPois   .          Reflect  .   (helmet restricted)
rElec   .          Harm     .   m - +1 cloak
rCorr   .          Rampage  .   c - +0 pair of gloves
Will    .....                   (no boots)
Stlth   ..........              (no amulet)
HPRegen 0.21/turn               j - ring of protection from cold
MPRegen 0.14/turn               f - +6 ring of strength

@: heroic, marked, glowing
A: antennae 2, rugged brown scales 1, foul stench 1, powered by pain 1
a: Renounce Religion, Heroism


You were on level 7 of the Dungeon.
You worshipped Okawaru.
Okawaru was pleased with you.
You visited 2 branches of the dungeon, and saw 8 of its levels.

You collected 421 gold pieces.
You spent 75 gold pieces at shops.

Inventory:

Hand Weapons
 a - a +3 spear (weapon)
Missiles
 d - 4 throwing nets (quivered)
 e - a javelin
Armour
 c - a +0 pair of gloves (worn)
 m - a +1 cloak (worn)
 q - an orb of light (worn)
 r - a +0 plate armour (worn)
Jewellery
 f - a +6 ring of strength (right hand)
 j - a ring of protection from cold (left hand)
Wands
 i - a wand of paralysis (15)
 t - a wand of flame (12)
Scrolls
 l - 2 scrolls of identify
 n - a scroll of immolation
 p - 2 scrolls of enchant armour
 s - a scroll of amnesia
 w - a scroll of enchant weapon
 x - a scroll of teleportation
Potions
 b - 2 potions of might
 g - 3 potions of ambrosia
 h - a potion of brilliance
 k - 2 potions of curing
 o - a potion of haste
 u - a potion of attraction
 v - 2 potions of lignification
 z - a potion of berserk rage {unknown}


   Skills:
 - Level 5.0(10.0) Fighting
 * Level 9.9(14.9) Polearms
 - Level 1.7(6.7) Throwing
 - Level 3.0(8.0) Dodging
 + Level 7.1 Invocations


You had 8 spell levels left.
You didn't know any spells.
Your spell library contained the following spells:

 Spells                   Type           Power      Damage    Failure   Level
 Slow                     Hex            0%         N/A       99%         1
 Confusing Touch          Hex            0%         N/A       100%        3
 Gell's Gravitas          Tloc           0%         N/A       100%        3
 Lesser Beckoning         Tloc           0%         N/A       100%        3
 Teleport Other           Tloc           0%         N/A       100%        3
 Vampiric Draining        Necr           0%         2d6       100%        3


Dungeon Overview and Level Annotations

Branches:
Dungeon (7/15)             Temple (1/1) D:5

Altars:
Ashenzari
Cheibriados
Dithmenos
Elyvilon
Fedhas
Gozag
Hepliaklqana
Kikubaaqudgha
Makhleb
Nemelex Xobeh
Okawaru
Qazlal
Ru
Sif Muna
Trog
Uskayaw
Vehumet
Wu Jian
Xom
Yredelemnul
Zin
The Shining One

Shops:
D:6 *


Innate Abilities, Weirdness & Mutations

You have a pair of antennae on your head.
You are partially covered in rugged brown scales. (AC +1, +3% HP)
You may rarely emit foul miasma when damaged in melee.
You sometimes gain a little power by taking damage.


Message History

You completely miss the orc priest.
The orc priest is moderately wounded.
The orc priest barely misses you.
The orc warrior hits you but does no damage.
You puncture the orc priest!
The orc priest is almost dead.
The bullfrog releases a deep croak.
The bullfrog barely misses you.
You puncture the orc priest!
You kill the orc priest!
Okawaru accepts your kill. The bullfrog barely misses you.
The orc warrior hits you with a +0 long sword.
* * * LOW HITPOINT WARNING * * *
The bullfrog attacks as you move away!
The bullfrog hits you but does no damage.
The orc warrior attacks as you move away!
The orc warrior barely misses you.
The orc warrior attacks as you move away!
The orc warrior hits you with a +0 long sword.
* * * LOW HITPOINT WARNING * * *
The bullfrog hits you but does no damage.
The bullfrog attacks as you move away! The bullfrog barely misses you.
The bullfrog attacks as you move away! The bullfrog barely misses you.
The bullfrog hits you but does no damage.
The orc warrior attacks as you move away!
The orc warrior hits you with a +0 long sword!
* * * LOW HITPOINT WARNING * * *
You barely miss the bullfrog. The bullfrog misses you.
You completely miss the bullfrog. The bullfrog misses you.
You puncture the bullfrog!
The bullfrog is heavily wounded.
The bullfrog hits you but does no damage.
You puncture the bullfrog!
The bullfrog is almost dead.
You hit the bullfrog.
You kill the bullfrog!
Okawaru accepts your kill.
The orc warrior hits you with a +0 long sword.
You die...

######## #......# ###
#.# .#
##.##########@####.#
##.#.##.......o.....#
#.###..†...##...###.#
##.#.##.##.##...#⌠#.#
##.###.##....).###.#
#.# #.####..))....###
#.# #.# ##.....^....
#.# #..<....##.#..##.
#####.# #########
.#..#


You could see an orc warrior.

Vanquished Creatures
  Pikel (D:5)
  4 water moccasins
  A sky beast (D:7)
  3 ice beasts
  An ogre (D:4)
  A black bear (D:5)
  A centaur (D:6)
  A lemure (D:5)
  A kobold brigand (D:5)
  2 bullfrogs (D:7)
  2 scorpions (D:5)
  A necrophage (D:6)
  A jelly (D:6)
  3 hounds (D:5)
  2 orc priests
  4 iguanas
  Crazy Yiuf (D:2)
  A gnoll shaman (D:5)
  6 orc wizards
  3 gnolls (D:2)
  8 adders
  A shadow imp (D:7)
  A white imp (D:7)
  2 worms
  A dart slug (D:3)
  15 orcs
  8 endoplasms
  2 giant cockroaches
  7 goblins
  6 hobgoblins
  6 jackals
  8 kobolds
  6 quokkas
  14 ball pythons
  10 bats
  4 frilled lizards
  5 rats
144 creatures vanquished.

Vanquished Creatures (others)
  8 toadstools (D:7)
8 creatures vanquished.

Grand Total: 152 creatures vanquished

Notes
Turn   | Place    | Note
-------+----------+-------------------------------------------
     0 | D:1      | YayAnonymity the Demonspawn Gladiator began the quest for
                  | the Orb.
     0 | D:1      | Reached XP level 1. HP: 16/16 MP: 1/1
    79 | D:1      | Found a faded altar of an unknown god.
    91 | D:1      | Reached skill level 3 in Polearms
    96 | D:1      | Gained mutation: You have a pair of small antennae on your
                  | head. [demonic ancestry]
    96 | D:1      | Reached XP level 2. HP: 15/22 MP: 2/2
  1013 | D:1      | Reached XP level 3. HP: 25/27 MP: 3/3
  1390 | D:2      | Reached skill level 4 in Polearms
  1401 | D:2      | Gained mutation: You may rarely emit foul miasma when
                  | damaged in melee. [demonic ancestry]
  1401 | D:2      | Reached XP level 4. HP: 18/33 MP: 4/4
  2454 | D:2      | Reached skill level 5 in Polearms
  2548 | D:2      | Found a runed translucent door.
  2549 | D:2      | Noticed Crazy Yiuf
  2681 | D:2      | Killed Crazy Yiuf
  2682 | D:2      | Reached XP level 5. HP: 22/38 MP: 5/5
  3862 | D:3      | Reached skill level 6 in Polearms
  3924 | D:4      | Reached XP level 6. HP: 38/44 MP: 6/6
  4577 | D:5      | Entered Level 5 of the Dungeon
  4626 | D:5      | Found a staircase to the Ecumenical Temple.
  4644 | Temple   | Entered the Ecumenical Temple
  4742 | Temple   | Became a worshipper of Warmaster Okawaru
  4970 | D:5      | Reached skill level 1 in Invocations
  5011 | D:5      | Reached skill level 7 in Polearms
  5011 | D:5      | Gained mutation: You sometimes gain a little power by
                  | taking damage. [demonic ancestry]
  5011 | D:5      | Reached XP level 7. HP: 35/51 MP: 6/8
  5188 | D:5      | Reached * piety under Okawaru
  5748 | D:5      | Gained mutation: You are partially covered in rugged brown
                  | scales. (AC +1, +3% HP) [demonic ancestry]
  5748 | D:5      | Reached XP level 8. HP: 39/61 MP: 9/11
  5926 | D:5      | Reached skill level 8 in Polearms
  6186 | D:5      | Noticed Pikel
  6198 | D:5      | Killed Pikel
  6199 | D:5      | Reached skill level 5 in Invocations
  6580 | D:6      | Upgraded the game from 0.29-a0-360-g8ed1089bbe to
                  | 0.29-a0-362-g5854e031c7
  6688 | D:6      | Reached ** piety under Okawaru
  6689 | D:6      | Reached skill level 5 in Fighting
  6689 | D:6      | Reached skill level 9 in Polearms
  6926 | D:6      | Gained mutation: You have a pair of antennae on your head.
                  | [demonic ancestry]
  6926 | D:6      | Reached XP level 9. HP: 68/70 MP: 13/13
  7093 | D:6      | Identified the +5 helmet of the Teacher {Int+4 Dex-2
                  | Slay+3}
  7211 | D:6      | Found a broken altar of Ashenzari.
  7300 | D:6      | Found Rocewyna's General Store.
  7303 | D:6      | Bought a scroll of enchant weapon for 75 gold pieces
  8118 | D:7      | Slain by an orc warrior

Illustrated notes

Levels and vault maps discovered:
D:1:      grunt_arrival_crossed_arrows, layout_basic,
          nicolae_ecumenical_snake_handling, st_stairs_3, hex_large
D:2:      layout_loops_ring, kennysheep_generic_room_9, uniq_crazy_yiuf_cottage
D:3:      minmay_general_purpose_star, layout_basic, zin_academy
D:4:      layout_loops_ring
D:5:      minmay_opposing_rooms, layout_loops_corners,
          mainiacjoe_overflow_small_starburst,
          minmay_temple_entry_drinking_statues, uniq_pikel
D:6:      layout_layer_cave, kennysheep_mini_moat, serial_shops,
          kennysheep_mini, grunt_ministairs_14
D:7:      cheibrodos_fertilizer, layout_loops_cross,
          chequers_serial_rivers_small_3, minmay_misc_feat_rows,
          kennysheep_diamond, feat_on_display
Temple:   mainiacjoe_temple_bowtie_tessellation

Skill      XL: |  1  2  3  4  5  6  7  8  9 |
---------------+----------------------------+-----
Polearms       | 3 4 5 6 7 9 |  9.9
Dodging        | 3 |  3.0
Invocations    | 1 4 6 7 |  7.1
Fighting       | 3 5 |  5.0
Throwing       | |  1.7

Action                   |  1- 3 |  4- 6 |  7- 9 || total
-------------------------+-------+-------+-------++-------
Melee: Trident           |    80 |       |       ||    80
       Spear             |    50 |   244 |   264 ||   558
       Punch             |     1 |     1 |     1 ||     3
Invok: Heroism           |       |       |     3 ||     3
  Use: Scroll            |       |     8 |     3 ||    11
       Potion            |       |       |     1 ||     1
Armor: Leather armour    |    30 |     6 |       ||    36
       Ring mail         |       |    29 |       ||    29
       Chain mail        |       |    26 |    49 ||    75
       Plate armour      |       |       |    66 ||    66
Dodge: Dodged            |    97 |    97 |    72 ||   266

Table legend: (Time is in decaauts)
 A = Elapsed time spent in this place.
 B = Non-inter-level travel time spent in this place.
 C = Inter-level travel time spent in this place.
 D = Time resting spent in this place.
 E = Time spent auto-exploring this place.
 F = Levels seen in this place.
 G = Mean time per level.
                   A        B        C        D        E       F      G
               +--------+--------+--------+--------+--------+-----+--------+
         Total |   7994 |   7644 |    350 |    607 |   5847 |   8 |  999.2 |
       Dungeon |   7776 |   7446 |    330 |    607 |   5667 |   7 | 1110.9 |
        Temple |    217 |    197 |     20 |      0 |    180 |   1 |  217.0 |
               +--------+--------+--------+--------+--------+-----+--------+

Top non-repeatable levels by time:
     D:2: 1676 daAuts
     D:5: 1634 daAuts
     D:6: 1376 daAuts
     D:1: 1324 daAuts
     D:4: 867 daAuts
     D:3: 684 daAuts
  Temple: 217 daAuts
     D:7: 212 daAuts
